[ AOE2 MATCH · #494150464 ]
UnrankedGoths vs Koreans
Player's team · LOSS
Rival team · WIN
[ REPLAY ANALYSIS · EXTRACTED FROM THE RECORDED GAME ]
Feudal
9:10
Castle
22:13
Imperial
40:28
| APM avg | 39.2 |
| APM peak | 90 |
| eAPM avg | 22.9 |
| Villagers / military | 200 / 97 |
Focus
⚔️ 32.0% · 🌾 68.0%
Huskarl ×30 · Cavalry Archer ×24 · Skirmisher ×22 · Battering Ram ×11 · Monk ×5 · Trebuchet (Packed) ×3
Feudal
10:14
Castle
14:41
Imperial
36:47
| APM avg | 48.6 |
| APM peak | 83 |
| eAPM avg | 22.9 |
| Villagers / military | 121 / 56 |
Focus
⚔️ 28.1% · 🌾 71.9%
Hand Cannoneer ×30 · War Wagon ×9 · Monk ×7 · Iron Pagoda ×5 · Trebuchet (Packed) ×4 · Bombard Cannon ×1
Match map
Initial resources + every placement click. Lines = walls · curves = elevation contours. ◆ gold · ⬟ stone · ● berries · ✦ relic · ◌ wall gap
Your base· ✓ Closed at 22:13 · 6t walls · 5 gate(s)
Monkey Boy's base· ✓ Closed at 14:41 · 0t walls · 4 gate(s)
Smoothed initial terrain · ◌ = detected wall gap · hover for details
Inputs per minute
— うーぺー - - Monkey Boy
Build order — うーぺー
First 150 of 476 actions detected
| 0:02 | Research | Loom |
| 0:02 | Create | Villager (Male) |
| 0:02 | Create | Villager (Male) |
| 0:03 | Create | Villager (Male) |
| 0:04 | Build | House |
| 0:05 | Build | House |
| 0:12 | Create | Villager (Male) |
| 0:12 | Create | Villager (Male) |
| 1:36 | Create | Villager (Male) |
| 1:36 | Create | Villager (Male) |
| 1:48 | Create | Villager (Male) |
| 1:48 | Create | Villager (Male) |
| 2:01 | Build | Lumber Camp |
| 2:25 | Create | Villager (Male) |
| 2:26 | Create | Villager (Male) |
| 2:41 | Create | Villager (Male) |
| 2:41 | Create | Villager (Male) |
| 3:12 | Create | Villager (Male) |
| 3:26 | Build | House |
| 3:45 | Create | Villager (Male) |
| 3:45 | Create | Villager (Male) |
| 3:51 | Create | Villager (Male) |
| 3:51 | Create | Villager (Male) |
| 4:08 | Build | Mining Camp |
| 4:23 | Create | Villager (Male) |
| 4:40 | Build | House |
| 5:22 | Create | Villager (Male) |
| 5:23 | Create | Villager (Male) |
| 6:20 | Create | Villager (Male) |
| 7:00 | Research | Feudal Age |
| 7:00 | Research | Feudal Age |
| 7:30 | Build | House |
| 8:02 | Build | House |
| 8:05 | Build | House |
| 8:12 | Create | Villager (Male) |
| 8:30 | Build | House |
| 8:35 | Build | House |
| 8:46 | Create | Villager (Male) |
| 9:10 | Age | Feudal Age |
| 9:11 | Build | Watch Tower |
| 9:16 | Create | Villager (Male) |
| 9:23 | Build | Blacksmith |
| 9:37 | Create | Villager (Male) |
| 10:03 | Create | Villager (Male) |
| 10:30 | Create | Villager (Male) |
| 10:33 | Build | Mill |
| 10:57 | Research | Double-Bit Axe |
| 10:57 | Research | Double-Bit Axe |
| 11:12 | Build | Watch Tower |
| 11:29 | Build | Farm |
| 11:40 | Create | Villager (Male) |
| 11:46 | Build | Farm |
| 12:17 | Build | Watch Tower |
| 12:23 | Create | Villager (Male) |
| 12:25 | Build | Farm |
| 12:33 | Build | Farm |
| 12:54 | Create | Villager (Male) |
| 13:31 | Create | Villager (Male) |
| 13:33 | Build | Farm |
| 13:35 | Build | Farm |
| 14:04 | Create | Villager (Male) |
| 14:05 | Create | Villager (Male) |
| 14:10 | Create | Villager (Male) |
| 14:22 | Create | Villager (Male) |
| 14:22 | Create | Villager (Male) |
| 14:34 | Build | Farm |
| 14:35 | Build | Farm |
| 15:31 | Create | Villager (Male) |
| 15:44 | Build | Watch Tower |
| 15:47 | Build | House |
| 15:49 | Build | Palisade Gate |
| 15:53 | Create | Villager (Male) |
| 16:15 | Create | Villager (Male) |
| 16:17 | Build | Farm |
| 16:22 | Build | Farm |
| 16:23 | Create | Villager (Male) |
| 17:08 | Create | Villager (Male) |
| 17:40 | Build | Watch Tower |
| 17:45 | Create | Villager (Male) |
| 17:46 | Build | Mining Camp |
| 17:51 | Build | Market |
| 17:53 | Create | Villager (Male) |
| 17:53 | Create | Villager (Male) |
| 17:57 | Build | Palisade Wall |
| 17:59 | Build | Palisade Wall |
| 18:00 | Build | Palisade Wall |
| 19:10 | Build | Watch Tower |
| 19:33 | Research | Castle Age |
| 19:33 | Research | Castle Age |
| 20:57 | Build | Farm |
| 20:59 | Research | Horse Collar |
| 21:42 | Create | Villager (Male) |
| 21:58 | Build | Palisade Wall |
| 22:01 | Build | Palisade Wall |
| 22:04 | Build | Palisade Wall |
| 22:11 | Build | Palisade Wall |
| 22:13 | Age | Castle Age |
| 22:13 | Build | Palisade Wall |
| 22:20 | Build | Palisade Wall |
| 22:23 | Create | Villager (Male) |
| 22:37 | Build | Castle |
| 22:43 | Build | House |
| 22:51 | Create | Villager (Male) |
| 22:58 | Build | Siege Workshop |
| 23:03 | Build | House |
| 23:07 | Research | Scale Mail Armor |
| 23:08 | Create | Villager (Male) |
| 23:19 | Build | Town Center |
| 23:25 | Create | Villager (Male) |
| 23:30 | Create | Villager (Male) |
| 23:42 | Build | Palisade Wall |
| 23:44 | Create | Villager (Male) |
| 23:50 | Create | Villager (Male) |
| 23:55 | Create | Huskarl |
| 24:04 | Create | Villager (Male) |
| 24:09 | Research | Chain Mail Armor |
| 24:09 | Research | Chain Mail Armor |
| 24:11 | Research | Bow Saw |
| 24:12 | Research | Bow Saw |
| 24:12 | Research | Bow Saw |
| 24:13 | Create | Villager (Male) |
| 24:13 | Create | Villager (Male) |
| 24:32 | Build | Palisade Wall |
| 24:33 | Build | Palisade Wall |
| 24:35 | Build | Palisade Wall |
| 24:36 | Build | Palisade Wall |
| 24:39 | Create | Villager (Male) |
| 24:42 | Create | Villager (Male) |
| 24:55 | Build | Monastery |
| 25:01 | Create | Villager (Male) |
| 25:16 | Create | Villager (Male) |
| 25:17 | Create | Monk |
| 25:17 | Create | Monk |
| 25:22 | Build | Farm |
| 25:28 | Create | Huskarl |
| 25:47 | Create | Villager (Male) |
| 25:53 | Build | Lumber Camp |
| 26:05 | Create | Huskarl |
| 26:10 | Create | Battering Ram |
| 26:10 | Create | Battering Ram |
| 26:13 | Create | Villager (Male) |
| 26:13 | Create | Villager (Male) |
| 26:37 | Create | Villager (Male) |
| 26:39 | Build | Farm |
| 26:44 | Create | Huskarl |
| 26:53 | Create | Battering Ram |
| 27:04 | Build | Farm |
| 27:06 | Create | Villager (Male) |
| 27:09 | Build | Farm |
| 27:24 | Create | Villager (Male) |
Build order — Monkey Boy
First 150 of 313 actions detected
| 0:01 | Create | Villager (Male) |
| 0:01 | Create | Villager (Male) |
| 0:04 | Build | House |
| 0:05 | Build | House |
| 0:07 | Create | Villager (Male) |
| 0:07 | Create | Villager (Male) |
| 1:22 | Build | Lumber Camp |
| 1:28 | Create | Villager (Male) |
| 1:28 | Create | Villager (Male) |
| 2:04 | Create | Villager (Male) |
| 2:04 | Create | Villager (Male) |
| 2:23 | Create | Villager (Male) |
| 2:23 | Create | Villager (Male) |
| 2:45 | Create | Villager (Male) |
| 3:19 | Create | Villager (Male) |
| 3:28 | Build | Mill |
| 3:39 | Create | Villager (Male) |
| 3:52 | Build | House |
| 3:52 | Build | House |
| 4:04 | Create | Villager (Male) |
| 4:05 | Create | Villager (Male) |
| 4:29 | Create | Villager (Male) |
| 4:29 | Create | Villager (Male) |
| 5:11 | Create | Villager (Male) |
| 5:20 | Create | Villager (Male) |
| 5:20 | Create | Villager (Male) |
| 6:11 | Create | Villager (Male) |
| 6:36 | Create | Villager (Male) |
| 6:50 | Create | Villager (Male) |
| 6:55 | Build | Farm |
| 7:38 | Build | Mining Camp |
| 8:04 | Research | Feudal Age |
| 8:24 | Build | House |
| 8:33 | Build | House |
| 8:48 | Build | House |
| 9:17 | Research | Loom |
| 9:39 | Build | House |
| 9:44 | Build | House |
| 9:56 | Build | House |
| 9:57 | Build | House |
| 10:05 | Create | Villager (Male) |
| 10:14 | Age | Feudal Age |
| 10:20 | Create | Villager (Male) |
| 10:27 | Build | Market |
| 10:33 | Build | Blacksmith |
| 10:52 | Build | Watch Tower |
| 11:21 | Build | Farm |
| 11:27 | Build | House |
| 12:01 | Research | Castle Age |
| 12:01 | Research | Castle Age |
| 12:28 | Build | Mining Camp |
| 13:12 | Research | Fletching |
| 13:12 | Research | Fletching |
| 13:26 | Build | Farm |
| 14:01 | Build | Farm |
| 14:38 | Build | Watch Tower |
| 14:41 | Age | Castle Age |
| 14:49 | Create | Villager (Male) |
| 15:25 | Build | Palisade Wall |
| 15:26 | Build | Palisade Wall |
| 15:28 | Build | Palisade Wall |
| 15:39 | Create | Villager (Male) |
| 15:39 | Create | Villager (Male) |
| 15:56 | Build | Watch Tower |
| 16:06 | Create | Villager (Male) |
| 16:09 | Build | Farm |
| 16:35 | Build | House |
| 16:53 | Create | Villager (Male) |
| 17:00 | Create | Villager (Male) |
| 17:28 | Create | Villager (Male) |
| 17:33 | Build | Farm |
| 17:34 | Build | Farm |
| 17:52 | Create | Villager (Male) |
| 18:17 | Build | Farm |
| 18:23 | Create | Villager (Male) |
| 18:28 | Build | Palisade Wall |
| 18:30 | Build | Palisade Wall |
| 18:58 | Create | Villager (Male) |
| 19:18 | Create | Villager (Male) |
| 19:34 | Create | Villager (Male) |
| 19:34 | Create | Villager (Male) |
| 19:46 | Create | Villager (Male) |
| 19:51 | Create | Villager (Male) |
| 19:57 | Build | Farm |
| 20:28 | Create | Villager (Male) |
| 20:43 | Create | Villager (Male) |
| 21:10 | Build | Castle |
| 21:21 | Build | House |
| 21:26 | Build | Palisade Wall |
| 21:37 | Create | Villager (Male) |
| 21:59 | Create | Villager (Male) |
| 22:12 | Create | War Wagon |
| 22:26 | Research | Double-Bit Axe |
| 22:49 | Create | War Wagon |
| 22:49 | Create | War Wagon |
| 22:52 | Create | Villager (Male) |
| 23:14 | Build | Lumber Camp |
| 23:19 | Create | Villager (Male) |
| 23:20 | Create | War Wagon |
| 23:36 | Create | Villager (Male) |
| 23:37 | Create | War Wagon |
| 23:38 | Create | War Wagon |
| 23:50 | Create | Villager (Male) |
| 24:13 | Create | Villager (Male) |
| 24:22 | Build | Monastery |
| 24:36 | Create | Villager (Male) |
| 24:38 | Build | Farm |
| 24:53 | Research | Horse Collar |
| 24:56 | Create | War Wagon |
| 25:19 | Create | Villager (Male) |
| 25:22 | Create | War Wagon |
| 25:33 | Create | Monk |
| 25:34 | Build | House |
| 25:43 | Create | Villager (Male) |
| 25:50 | Build | Siege Workshop |
| 25:56 | Create | Villager (Male) |
| 26:12 | Create | Monk |
| 26:13 | Create | Villager (Male) |
| 26:37 | Create | Villager (Male) |
| 26:59 | Create | Iron Pagoda |
| 27:05 | Build | House |
| 27:06 | Build | House |
| 27:07 | Build | House |
| 27:22 | Create | Monk |
| 27:22 | Create | Villager (Male) |
| 27:24 | Create | Villager (Male) |
| 27:45 | Research | Bodkin Arrow |
| 28:18 | Create | Villager (Male) |
| 28:19 | Build | Farm |
| 28:26 | Build | House |
| 28:30 | Create | War Wagon |
| 28:31 | Create | Villager (Male) |
| 28:33 | Create | Iron Pagoda |
| 28:39 | Build | House |
| 28:40 | Build | House |
| 28:44 | Create | Villager (Male) |
| 28:49 | Build | Town Center |
| 29:11 | Build | Farm |
| 29:11 | Build | Farm |
| 29:21 | Build | Farm |
| 29:23 | Create | Villager (Male) |
| 29:39 | Build | Farm |
| 29:41 | Create | Villager (Male) |
| 30:00 | Build | Farm |
| 30:02 | Build | Farm |
| 30:10 | Create | Monk |
| 30:17 | Build | House |
| 30:19 | Create | Villager (Male) |
| 30:19 | Create | Villager (Male) |
| 30:23 | Build | Farm |
Match timeline
| 9:10 | うーぺー · age_up feudal |
| 10:14 | Monkey Boy · age_up feudal |
| 14:41 | Monkey Boy · age_up castle |
| 15:25 | Monkey Boy · wall_segment Palisade Wall x1 |
| 15:26 | Monkey Boy · wall_segment Palisade Wall x1 |
| 15:28 | Monkey Boy · wall_segment Palisade Wall x1 |
| 15:37 | Monkey Boy · first_market_buy 100 food |
| 15:51 | Monkey Boy · first_market_sell 100 food |
| 17:57 | うーぺー · wall_segment Palisade Wall x1 |
| 17:59 | うーぺー · wall_segment Palisade Wall x1 |
| 18:00 | うーぺー · wall_segment Palisade Wall x1 |
| 18:28 | Monkey Boy · wall_segment Palisade Wall x1 |
| 18:30 | Monkey Boy · wall_segment Palisade Wall x1 |
| 18:57 | うーぺー · first_market_sell 100 wood |
| 21:10 | Monkey Boy · first_building Castle |
| 21:26 | Monkey Boy · wall_segment Palisade Wall x1 |
| 21:58 | うーぺー · wall_segment Palisade Wall x1 |
| 22:01 | うーぺー · wall_segment Palisade Wall x1 |
| 22:04 | うーぺー · wall_segment Palisade Wall x1 |
| 22:11 | うーぺー · wall_segment Palisade Wall x1 |
| 22:13 | うーぺー · age_up castle |
| 22:13 | うーぺー · wall_segment Palisade Wall x1 |
| 22:20 | うーぺー · wall_segment Palisade Wall x1 |
| 22:29 | うーぺー · first_market_buy 100 stone |
| 22:37 | うーぺー · first_building Castle |
| 22:58 | うーぺー · first_building Siege Workshop |
| 23:42 | うーぺー · wall_segment Palisade Wall x1 |
| 24:22 | Monkey Boy · first_building Monastery |
| 24:32 | うーぺー · wall_segment Palisade Wall x1 |
| 24:33 | うーぺー · wall_segment Palisade Wall x1 |
| 24:35 | うーぺー · wall_segment Palisade Wall x1 |
| 24:36 | うーぺー · wall_segment Palisade Wall x1 |
| 24:55 | うーぺー · first_building Monastery |
| 25:50 | Monkey Boy · first_building Siege Workshop |
| 27:43 | うーぺー · wall_segment Palisade Wall x1 |
| 27:46 | うーぺー · wall_segment Palisade Wall x1 |
| 27:48 | うーぺー · wall_segment Palisade Wall x1 |
| 27:49 | うーぺー · wall_segment Palisade Wall x1 |
| 34:01 | うーぺー · first_building Barracks |
| 36:47 | Monkey Boy · age_up imperial |
| 37:42 | Monkey Boy · first_building Barracks |
| 37:57 | うーぺー · first_building Archery Range |
| 38:14 | Monkey Boy · first_building Archery Range |
| 40:28 | うーぺー · age_up imperial |
| 45:36 | うーぺー · resign |
[ AI ANALYSIS · 1 CREDIT ]
What really happened in this match?
Wolo.gg analyzes every decision: build order, eco, micro, common mistakes by bracket. Personalized analysis on WhatsApp or Discord in 30 seconds.
Civ guide
Goths
Perfil
うーぺー